Map: Moondance

Players

ShaDoWn

  • Race: Protoss Protoss
  • Spawn Location: 12:00

Gerald - Winner!

  • Race: Protoss Protoss
  • Spawn Location: 6:00

Event: DreamHack SC2 Masters 2022 Atlanta (Offline)

VOD

Have the link to the VOD?

Description

Time

  • Played on: Nov. 18, 2022, 11:28 a.m.
  • Length: 15:35

All games in this series

Show
View Real Time Build Order
Export as new Build Order

ShaDoWn Protoss 

Build Orders: Phoenix Opening, Blink Stalkers 

Get SALT Encoding   

  12  0:00  Probe  
  13  0:13  Probe  
  14  0:17  Pylon  
  14  0:25  Probe  
  15  0:35  Gateway  
  15  0:37  Probe (Chrono Boost)  
  16  0:47  Assimilator  
  16  0:48  Probe (Chrono Boost)  
  17  0:52  Probe (Chrono Boost)  
  18  1:04  Probe (Chrono Boost)  
  19  1:05  Assimilator  
  19  1:13  Gateway  
  19  1:15  Probe (Chrono Boost)  
  20  1:20  Probe (Chrono Boost)  
  20  1:24  Cybernetics Core  
  21  1:30  Probe  
  22  1:42  Probe  
  22  1:46  Pylon  
  23  2:03  Warp Gate  
  23  2:04  Probe, Stalker  
  26  2:11  Stalker  
  28  2:16  Probe  
  28  2:18  Pylon  
  29  2:37  Twilight Council  
  29  2:40  Probe  
  30  2:51  Nexus  
  30  2:59  Stalker  
  30  3:02  Sentry  
  34  3:06  Probe  
  34  3:08  Blink (Chrono Boost)  
  35  3:19  Probe  
  36  3:23  Pylon  
  36  3:31  Probe  
  36  3:32  Pylon  
  37  3:38  Phoenix  
  35  3:43  Probe  
  36  3:53  Stalker x2  
  36  3:55  Probe  
  38  4:05  Probe  
  38  4:07  Probe  
  39  4:17  Probe, Stalker  
  39  4:18  Stalker  
  39  4:22  Probe  
  45  4:29  Probe  
  46  4:34  Probe  
  46  4:38  Robotics Facility  
  47  4:42  Stalker  
  47  4:43  Stalker  
  51  4:45  Probe (Chrono Boost)  
  51  4:48  Probe (Chrono Boost)  
  53  4:58  Probe (Chrono Boost)  
  55  5:05  Probe (Chrono Boost)  
  55  5:06  Probe (Chrono Boost)  
  56  5:07  Stalker x2  
  56  5:11  Probe (Chrono Boost)  
  56  5:12  Probe  
  60  5:23  Probe  
  60  5:24  Probe  
  60  5:25  Pylon  
  60  5:26  Observer (Chrono Boost)  
  63  5:35  Probe  
  61  5:36  Probe  
  58  5:43  Stalker  
  58  5:47  Probe  
  58  5:48  Probe  
  58  5:59  Probe  
  58  6:00  Probe  
  60  6:04  Stalker  
  60  6:06  Stalker  
  60  6:10  Pylon  
  64  6:11  Probe  
  64  6:12  Observer (Chrono Boost), Probe  
  67  6:28  Stalker  
  67  6:29  Stalker  
  69  6:33  Probe  
  71  6:42  Pylon x2  
  71  6:43  Nexus  
  71  6:46  Probe  
  69  6:49  Probe  
  70  6:54  Assimilator  
  70  7:00  Stalker x2  
  74  7:03  Probe  
  74  7:05  Probe  
  74  7:06  Forge  
  76  7:15  Probe  
  75  7:17  Probe (Chrono Boost)  
  75  7:22  Gateway  
  76  7:24  Gateway  
  76  7:27  Probe (Chrono Boost)  
  76  7:29  Probe (Chrono Boost)  
  78  7:32  Gateway  
  78  7:34  Sentry  
  78  7:35  Charge (Chrono Boost), Observer  
  78  7:37  Probe x2 (Chrono Boost)  
  83  7:41  Probe (Chrono Boost)  
  84  7:45  Protoss Ground Weapons Level 1, Pylon  
  84  7:49  Shield Battery  
  84  7:52  Stalker  
  86  8:00  Pylon  
  86  8:03  Stalker  
  87  8:07  Pylon  
  83  8:17  Photon Cannon  
  76  8:21  Pylon  
  76  8:22  Stalker  
  76  8:26  Pylon  
  74  8:32  Pylon  
  70  8:36  Stalker  
  70  8:37  Zealot x2  
  70  8:38  Zealot  
  66  8:52  Stalker  
  66  8:59  Zealot x4  
  70  9:17  Pylon  
  70  9:20  Zealot x5  
  73  9:35  Probe  
  73  9:37  Probe x2  
  75  9:40  Zealot  
  76  9:47  Probe, Stalker  
  76  9:48  Stalker  
  76  9:49  Observer (Chrono Boost)  
  80  9:58  Probe (Chrono Boost)  
  79  10:02  Photon Cannon  
  79  10:03  Probe (Chrono Boost)  
  79  10:05  Assimilator, Pylon  
  81  10:10  Probe (Chrono Boost)  
  81  10:11  Protoss Ground Weapons Level 2 (Chrono Boost)  
  81  10:12  Zealot x3, Probe (Chrono Boost)  
  81  10:13  Probe (Chrono Boost)  
  89  10:16  Probe (Chrono Boost)  
  89  10:17  Probe (Chrono Boost)  
  89  10:18  Probe (Chrono Boost)  
  92  10:27  Probe  
  93  10:31  Zealot  
  93  10:33  Zealot, Stalker x2  
  101  10:39  Stalker  
  103  10:43  Probe  
  103  10:44  Assimilator  
  103  10:46  Probe (Chrono Boost)  
  105  10:51  Probe (Chrono Boost)  
  105  10:55  Assimilator  
  105  10:59  Robotics Bay  
  105  11:01  Probe (Chrono Boost)  
  105  11:03  Probe x2 (Chrono Boost)  
  107  11:07  Nexus  
  107  11:08  Pylon  
  107  11:12  Robotics Facility  
  107  11:17  Probe x3 (Chrono Boost)  
  110  11:23  Stalker x2  
  114  11:29  Probe (Chrono Boost)  
  114  11:30  Observer  
  115  11:35  Shield Battery  
  115  11:39  Probe  
  116  11:40  Probe  
  116  11:42  Stalker x3  
  116  11:45  Probe  
  124  11:54  Zealot x2  
  128  11:57  Disruptor (Chrono Boost)  
  128  11:58  Disruptor (Chrono Boost)  
  118  12:02  Probe  
  118  12:08  Probe  
  110  12:14  Stalker  
  110  12:15  Probe  
  113  12:19  Nexus  
  113  12:22  Pylon  
  113  12:24  Disruptor (Chrono Boost)  
  119  12:31  Disruptor (Chrono Boost)  
  119  12:32  Stalker x3  
  119  12:33  Protoss Ground Weapons Level 3 (Chrono Boost)  
  119  12:36  Pylon  
  125  12:44  Stalker x2  
  129  12:55  Stalker x2  
  129  12:56  Photon Cannon  
  132  13:00  Probe  
  132  13:05  Zealot  
  130  13:08  Probe  
  121  13:15  Zealot x3  
  126  13:21  Probe  
  126  13:23  Photon Cannon  
  126  13:26  Probe  
  128  13:28  Nexus, Stalker x2  
  128  13:30  Pylon  
  128  13:32  Pylon  
  132  13:43  Pylon  
  132  13:44  Pylon  
  132  13:45  Shield Battery  
  132  13:46  Photon Cannon  
  132  13:49  Photon Cannon  
  130  14:00  Stalker x4  
  130  14:02  Probe  
  137  14:03  Probe x2  
  139  14:14  Probe  
  139  14:15  Probe  
  140  14:19  Stalker  
  140  14:22  Observer  
  142  14:29  Dark Shrine, Probe  
  141  14:34  Stalker x4  
  149  14:41  Probe  
  149  14:44  Observer  
  150  14:45  Stalker  
  152  14:53  Probe  
  152  14:57  Stalker x2  
  152  14:58  Stalker x2  
  159  15:03  Assimilator x2  
  159  15:05  Observer  
  160  15:11  Probe  
  131  15:20  Stalker  
  111  15:23  Stalker x4  
  101  15:29  Zealot x4  
Show
View Real Time Build Order
Export as new Build Order

Gerald Protoss - Winner!

Build Orders: Blink Stalkers, Dark Templar Rush 

Get SALT Encoding   

  12  0:00  Probe  
  13  0:12  Probe  
  14  0:17  Pylon  
  14  0:24  Probe (Chrono Boost)  
  16  0:37  Probe (Chrono Boost), Gateway  
  16  0:42  Probe (Chrono Boost)  
  16  0:47  Assimilator  
  17  0:51  Probe  
  18  1:01  Assimilator  
  18  1:03  Probe (Chrono Boost)  
  19  1:10  Gateway  
  19  1:15  Probe (Chrono Boost)  
  20  1:20  Probe (Chrono Boost)  
  21  1:28  Cybernetics Core  
  21  1:30  Probe  
  22  1:40  Pylon  
  22  1:42  Probe  
  23  1:58  Probe  
  24  2:04  Pylon  
  24  2:07  Stalker x2  
  28  2:11  Warp Gate  
  28  2:12  Probe  
  29  2:23  Pylon  
  29  2:24  Probe  
  29  2:27  Pylon  
  30  2:36  Probe  
  31  2:37  Twilight Council  
  31  2:45  Adept x2  
  31  2:49  Probe  
  36  2:55  Shield Battery  
  36  3:04  Probe  
  36  3:17  Pylon  
  36  3:22  Probe  
  37  3:30  Nexus  
  37  3:39  Dark Shrine  
  35  3:42  Probe  
  35  3:48  Blink (Chrono Boost)  
  36  3:55  Probe  
  35  4:07  Probe  
  36  4:16  Stalker  
  36  4:19  Probe  
  36  4:20  Shield Battery  
  37  4:30  Robotics Facility  
  37  4:31  Probe  
  38  4:43  Probe  
  39  4:45  Probe  
  39  4:47  Assimilator  
  39  4:52  Dark Templar x2  
  44  4:55  Probe  
  44  4:58  Gateway  
  45  5:00  Probe  
  45  5:03  Pylon  
  43  5:15  Probe  
  43  5:21  Stalker  
  40  5:22  Probe  
  40  5:27  Probe  
  39  5:29  Stalker  
  39  5:34  Probe  
  42  5:39  Probe  
  43  5:44  Stalker  
  43  5:46  Probe  
  42  5:51  Probe  
  41  5:57  Stalker  
  41  5:58  Probe (Chrono Boost)  
  41  6:00  Observer  
  45  6:05  Stalker  
  45  6:07  Probe (Chrono Boost)  
  45  6:10  Probe (Chrono Boost)  
  49  6:16  Probe (Chrono Boost), Stalker  
  49  6:17  Probe (Chrono Boost)  
  53  6:25  Probe x2  
  53  6:28  Stalker  
  56  6:41  Stalker x2  
  56  6:44  Probe  
  59  6:53  Immortal (Chrono Boost)  
  60  6:57  Probe  
  64  7:05  Probe  
  64  7:06  Dark Templar  
  65  7:10  Probe  
  66  7:20  Stalker  
  66  7:22  Stalker  
  70  7:23  Pylon  
  70  7:30  Observer  
  70  7:35  Nexus  
  70  7:39  Pylon  
  70  7:46  Stalker  
  70  7:47  Stalker  
  70  7:49  Observer  
  75  8:00  Probe  
  75  8:04  Probe  
  77  8:12  Probe  
  78  8:16  Probe  
  75  8:20  Stalker x3  
  75  8:22  Immortal  
  85  8:32  Probe  
  78  8:52  Probe  
  78  8:54  Probe  
  78  8:56  Dark Templar x2  
  78  9:01  Immortal  
  86  9:04  Probe  
  86  9:06  Probe x2  
  89  9:15  Gateway  
  89  9:16  Probe, Gateway  
  90  9:17  Gateway  
  90  9:18  Probe x2  
  90  9:28  Probe  
  90  9:30  Probe x2  
  91  9:40  Probe  
  91  9:42  Probe x2  
  91  9:44  Zealot, Immortal  
  91  9:45  Zealot  
  100  9:52  Probe  
  100  10:00  Shield Battery  
  100  10:02  Pylon  
  100  10:04  Forge  
  100  10:06  Observer  
  101  10:09  Assimilator  
  101  10:10  Gateway  
  101  10:11  Shield Battery  
  101  10:12  Pylon x2  
  101  10:13  Assimilator  
  98  10:14  Assimilator  
  98  10:20  Nexus, Dark Templar x2  
  102  10:23  Dark Templar  
  102  10:25  Dark Templar, Archon  
  106  10:28  Archon  
  106  10:30  Dark Templar  
  106  10:32  Dark Templar  
  106  10:33  Protoss Ground Weapons Level 1 (Chrono Boost)  
  110  10:37  Charge (Chrono Boost)  
  110  10:38  Probe x2  
  110  10:42  Archon  
  112  10:43  Probe  
  113  10:53  Probe  
  113  10:54  Dark Templar  
  113  10:56  Zealot x2  
  120  11:00  Photon Cannon  
  120  11:01  Zealot  
  120  11:02  Pylon  
  122  11:06  Shield Battery  
  122  11:09  Probe x2  
  124  11:12  Probe  
  125  11:20  Warp Prism (Chrono Boost), Pylon  
  127  11:28  Dark Templar x3  
  127  11:32  Photon Cannon  
  133  11:35  Probe  
  133  11:38  Archon, Stalker  
  133  11:39  Archon, Stalker  
  138  11:40  Probe  
  138  11:42  Pylon  
  139  11:47  Probe  
  139  11:51  Robotics Bay  
  132  12:11  Probe x3  
  132  12:13  Probe  
  132  12:14  Robotics Facility  
  132  12:15  Assimilator  
  136  12:17  Photon Cannon, Pylon  
  136  12:18  Observer  
  136  12:19  Shield Battery  
  136  12:21  Dark Templar x3  
  136  12:22  Dark Templar, Protoss Ground Weapons Level 2 (Chrono Boost)  
  145  12:23  Probe  
  146  12:30  Zealot x3  
  146  12:32  Probe  
  146  12:33  Gateway  
  153  12:40  Nexus  
  153  12:42  Pylon  
  153  12:45  Observer  
  154  12:52  Zealot x3  
  139  13:13  Disruptor x2 (Chrono Boost)  
  134  13:21  Stalker x5  
  134  13:22  Stalker x2  
  148  13:28  Shield Battery  
  148  13:31  Pylon  
  148  13:40  Disruptor (Chrono Boost)  
  148  13:42  Disruptor  
  148  13:43  Probe x2  
  148  13:44  Photon Cannon  
  148  13:46  Photon Cannon, Pylon  
  156  13:52  Zealot x3  
  156  13:53  Zealot x3  
  165  14:07  Probe, Stalker  
  165  14:08  Stalker  
  170  14:16  Observer, Probe  
  160  14:17  Disruptor  
  160  14:19  Stalker x6  
  160  14:21  Assimilator  
  175  14:25  Assimilator  
  175  14:34  Probe, Stalker x2  
  175  14:35  Probe x3  
  175  14:36  Probe  
  175  14:38  Observer  
  179  14:47  Probe x2  
  179  14:48  Probe x3  
  184  14:53  Disruptor  
  184  14:54  Stalker x3  
  184  14:55  Stalker x3  
  184  14:59  Probe  
  159  15:28  Stalker  
  159  15:29  Stalker x7  
Tags
 
Add a new tag
Caveats
  • Supply blocks, unpowered buildings, or Contaminate may cause inaccurate times.
  • Supply counts are checked every 10 seconds.